AoeStats
← Ambr0sin0

Arena

510608653Analyzed
1v1 RM · 1d ago on Oct 1, 2026· 38m 13s· 2 players
Game mode
Random Map
Map size
Tiny (2 player)
Population
200
Speed
Normal
Resources
Standard
Victory
Conquest
Starting age
Dark Age
Ending age
Imperial Age
RankedLock teamsTeams togetherTeam positionsShared explorationLock speedFull tech treeHidden civsTurbo modeCheats
Victory
Defeat
🇩🇪 Turks · Germany
219
+12
🇫🇷 Romans · France
133
-12
Ambr0sin0
0:57 Loom
13:59 Feudal Age
15:18 Wheelbarrow
15:48 Horse Collar
17:24 Double-Bit Axe
17:40 Gold Mining
21:05 Forging
20:56 Scale Mail Armor
24:46 Castle Age
22:27 Man-at-Arms
24:14 Scale Barding Armor
27:23 Heavy Plow
27:54 Long Swordsman
29:32 Hand Cart
32:06 Husbandry
32:17 Bloodlines
33:50 Bow Saw
38:58 Gold Shaft Mining
chava2438
12:44 Feudal Age
12:16 Loom
15:51 Wheelbarrow
15:05 Horse Collar
20:24 Castle Age
18:43 Double-Bit Axe
19:09 Gold Mining
20:26 Bloodlines
20:43 Stone Mining
22:29 Fervor
25:19 Heavy Plow
26:29 Bow Saw
26:53 Fletching
27:13 Forging
32:43 Imperial Age
31:57 Hand Cart
32:50 Ballistics
33:14 Bodkin Arrow
33:29 Scale Mail Armor
34:42 Town Watch
36:10 Padded Archer Armor
Connection lost

Rejoining the realm…

Still unreachable

The connection could not be restored.

Session expired

The server has moved on; the page needs a fresh start.